 Dungeon Crawl Stone Soup version 0.20.1-1-g8b1a95d (webtiles) character file.

4542 Targos the Thrower (level 10, -1/73 HPs)
             Began as a Human Assassin on Aug 15, 2017.
             Was a Follower of Ru.
             Killed by nerve-wracking pain
             ... invoked by a shadow imp
              (10 damage)
             ... on level 9 of the Dungeon on Aug 19, 2017.
             The game lasted 01:33:32 (7718 turns).

Targos the Thrower (Human Assassin)                 Turns: 7718, Time: 01:33:33

Health: -1/73      AC: 11    Str: 21    XL:     10   Next: 67%
Magic:  15/16      EV: 17    Int: 14    God:    Ru [*.....]
Gold:   23         SH:  0    Dex: 14    Spells: 2/17 levels left

rFire    . . .     SeeInvis .   t - +6 quick blade
rCold    + . .     Gourm    +   (no shield)
rNeg     . . .     Faith    .   u - +0 ring mail {rC+}
rPois    .         Spirit   .   v - +0 helmet
rElec    .         Reflect  .   d - +0 cloak
rCorr    .         Harm     .   w - +2 pair of gloves
MR       .....                  (no boots)
Stlth    ..........             K - amulet of the gourmand
Regen    0.3/turn               j - +3 ring of strength
MPRegen  0.2/turn               C - +4 ring of evasion

@: mighty
A: no stealth, missing an eye
a: Renounce Religion


You were on level 9 of the Dungeon.
You worshipped Ru.
Ru was aware of your devotion.
You were full.

You visited 1 branch of the dungeon, and saw 9 of its levels.

You collected 491 gold pieces.
You spent 468 gold pieces at shops.

Inventory:

Hand Weapons
 a - a +3 rapier
 b - a +0 blowgun
 t - a +6 quick blade (weapon)
 L - a +2 dagger of venom
Missiles
 e - 14 poisoned needles
 f - 7 curare-tipped needles
 I - 4 tomahawks
 U - a javelin (quivered)
Armour
 d - a +0 cloak (worn)
 u - a +0 ring mail of cold resistance (worn)
 v - a +0 helmet (worn)
 w - a +2 pair of gloves (worn)
 M - a +0 troll leather armour
Jewellery
 h - an uncursed ring of magical power
 j - a +3 ring of strength (left hand)
 m - an uncursed ring of protection from fire
 r - an uncursed ring of fire
 y - an uncursed ring of ice
 C - a +4 ring of evasion (right hand)
 K - an amulet of the gourmand (around neck)
Wands
 q - a wand of random effects (0/48)
Scrolls
 c - a scroll of magic mapping
 k - 5 scrolls of remove curse
 l - 2 scrolls of recharging
 n - 3 scrolls of fog
 o - 2 scrolls of immolation
 p - a scroll of teleportation
 D - a scroll of random uselessness {unknown}
 H - a scroll of blinking {unknown}
 J - a scroll of amnesia {unknown}
 P - a scroll of acquirement {unknown}
 V - a scroll of summoning {unknown}
Potions
 i - a potion of might
 s - 2 potions of haste
 z - a potion of brilliance {unknown}
 A - 2 potions of lignification {unknown}
 B - a potion of agility {unknown}
 E - a potion of curing {unknown}
 F - a potion of mutation {unknown}
 G - a potion of heal wounds
 N - a potion of invisibility {unknown}
 O - 2 potions of degeneration {unknown}
 S - a potion of cancellation {unknown}
Books
 x - a book of Maledictions

   Spells                             Type                      Level
   a - Corona                         Hexes                        1
   b - Ensorcelled Hibernation        Hexes/Ice                    2
   c - Confuse                        Hexes                        3
   d - Tukima's Dance                 Hexes                        3
   e - Dazzling Spray                 Conjuration/Hexes            3
 Q - the Collected Works on Creative Stones
   (You found it on level 7 of the Dungeon)

   Spells                             Type                      Level
   a - Sandblast                      Earth                        1
   b - Summon Guardian Golem          Hexes/Summoning              3
   c - Malign Gateway                 Summoning/Translocation      7
   d - Shatter                        Earth                        9
Comestibles
 g - 7 bread rations
 R - 2 meat rations
 T - 4 royal jellies


   Skills:
 + Level 4.4 Fighting
 + Level 7.3 Short Blades
 + Level 8.2 Throwing
 + Level 4.3 Armour
 + Level 4.0 Dodging
 + Level 4.2 Spellcasting
 + Level 4.2 Hexes
 + Level 1.0 Evocations


You had 2 spell levels left.
You knew the following spells:

 Your Spells              Type           Power        Failure   Level  Hunger
a - Corona                Hex            ##.....      4%          1    None
b - Ensorcelled Hibernat  Hex/Ice        #.....       19%         2    ##.....
c - Confuse               Hex            ##......     16%         3    ###....
d - Tukima's Dance        Hex            ##......     16%         3    ###....
e - Dazzling Spray        Conj/Hex       #.....       36%         3    ###....
f - Summon Guardian Gole  Hex/Summ       #.......     36%         3    ###....


Dungeon Overview and Level Annotations

Branches:
Dungeon (9/15)             Temple (0/1) D:6            Lair (0/6) D:9
    Orc: D:9-12

Altars:
Gozag
Kikubaaqudgha
Nemelex Xobeh
Okawaru
Ru
Trog
Vehumet

Shops:
D:7 %(*   D:8 }


Innate Abilities, Weirdness & Mutations

You cannot be stealthy.
You are missing an eye, making it more difficult to aim.


Message History

Press: ? - help, Shift-Dir - straight line, f/p - black bear
Aim: a black bear (lightly wounded) Nothing appears to happen.
A shadow imp comes into view.
Throwing (i - inventory. (,) - cycle):
U - 3 javelins (quivered)
Press: ? - help, Shift-Dir - straight line, f/p - black bear
Aim: a black bear (lightly wounded)
You throw a javelin. The javelin hits the black bear!
The black bear is heavily wounded.
Throwing (i - inventory. (,) - cycle):
U - 2 javelins (quivered)
Press: ? - help, Shift-Dir - straight line, f/p - black bear
Aim: a black bear (moderately wounded)
You throw a javelin. The javelin hits the black bear!!
You kill the black bear!
A scorpion comes into view.
The shadow imp shouts, "Quail, thou froward toot-wallowing lewdster!"
You see here a porcupine corpse.
The shadow imp gestures at you. Pain shoots through your body!
You die...

..... .. ########### ..... .
#...##....# .....###.
#...##....# ....)...$
#..###.####
#....!..######†.###.########
#......5....@............†.#
#.#..P.P........†.....<....#
#s.((((..†..##..##..##.....#
.PPP..P.........##..########
.............P..†...##
.PPPP..P.PPP....†....#
P(PPPP.PP..PP........#
P....PP..P...P.P....##
PP.PP..PPP...P......#


You could see a shadow imp.

Vanquished Creatures
  A two-headed ogre (D:8)
  3 yaks
  A hog (D:8)
  A human (D:8)
  Menkaure (D:5)
  4 porcupines (D:9)
  2 orc warriors
  3 black bears (D:9)
  4 ogres
  2 phantoms
  2 centaurs (D:6)
  A crocodile (D:9)
  A bullfrog (D:6)
  A gnoll sergeant (D:3)
  2 scorpions
  A water moccasin skeleton (D:5)
  4 crimson imps
  A bullfrog zombie (D:8)
  3 orc priests
  A hound (D:6)
  3 bullfrog skeletons
  A centaur skeleton (D:4)
  3 iguanas
  9 orc wizards
  2 worker ants (D:8)
  Robin (D:3)
  A howler monkey zombie (D:8)
  A worker ant zombie (D:5)
  3 gnolls (D:3)
  7 adders
  3 oozes
  An adder zombie (D:6)
  2 worms
  A dart slug (D:4)
  7 leopard geckos
  28 orcs
  4 ball pythons
  7 bats
  11 goblins
  6 hobgoblins
  15 jackals
  A quokka (D:5)
  4 frilled lizards
  6 kobolds
  2 quokka skeletons
  A quokka zombie (D:8)
  4 rats
  A fungus (D:9)
  A plant (D:9)
  A withered plant (D:8)
176 creatures vanquished.

Vanquished Creatures (others)
  A hog (D:8)
  10 fungi (D:9)
  3 plants (D:9)
14 creatures vanquished.

Grand Total: 190 creatures vanquished

Notes
Turn   | Place    | Note
-------+----------+-------------------------------------------
     0 | D:1      | Targos the Human Assassin began the quest for the Orb.
     0 | D:1      | Reached XP level 1. HP: 16/16 MP: 1/1
     0 | D:1      | No shields
    80 | D:1      | Reached XP level 2. HP: 22/22 MP: 2/2
   474 | D:1      | Reached XP level 3. HP: 27/27 MP: 3/3
  1067 | D:2      | Reached XP level 4. HP: 24/34 MP: 4/4
  1518 | D:3      | Noticed a gnoll sergeant
  1535 | D:3      | Reached skill level 5 in Stealth
  1539 | D:3      | Killed a gnoll sergeant
  1539 | D:3      | Reached skill level 3 in Throwing
  1539 | D:3      | Reached XP level 5. HP: 27/39 MP: 5/5
  1561 | D:3      | Reached skill level 1 in Armour
  1916 | D:3      | Found a sacrificial altar of Ru.
  1922 | D:3      | Became a worshipper of Ru the Awakened
  1950 | D:3      | Noticed an ogre
  1969 | D:3      | Killed an ogre
  1969 | D:3      | Reached XP level 6. HP: 46/46 MP: 6/6
  2068 | D:3      | Reached skill level 4 in Throwing
  2097 | D:3      | Noticed Robin
  2241 | D:3      | Killed Robin
  2570 | D:4      | Reached XP level 7. HP: 48/51 MP: 7/7
  2581 | D:4      | Hexes
  2581 | D:4      | Charms
  2583 | D:4      | Learned a level 1 spell: Corona
  2586 | D:4      | Learned a level 2 spell: Ensorcelled Hibernation
  2590 | D:4      | Learned a level 3 spell: Confuse
  3222 | D:5      | Entered Level 5 of the Dungeon
  3222 | D:5      | Found an iron altar of Okawaru.
  3309 | D:5      | Noticed Menkaure
  3341 | D:5      | Reached skill level 1 in Spellcasting
  3346 | D:5      | Gained mutation: You cannot be stealthy. [Ru sacrifice]
  3361 | D:5      | Killed Menkaure
  3361 | D:5      | Reached skill level 5 in Throwing
  3361 | D:5      | Reached skill level 1 in Hexes
  3361 | D:5      | Reached XP level 8. HP: 50/58 MP: 7/9
  3366 | D:5      | Learned a level 3 spell: Tukima's Dance
  4270 | D:6      | Reached skill level 5 in Short Blades
  4501 | D:6      | Found a staircase to the Ecumenical Temple.
  4751 | D:6      | Reached XP level 9. HP: 49/64 MP: 10/12
  4756 | D:6      | Learned a level 3 spell: Dazzling Spray
  4787 | D:6      | Reached skill level 6 in Throwing
  5255 | D:7      | Found Ekhlymp's Food Shop.
  5317 | D:7      | Found a radiant altar of Vehumet.
  5441 | D:7      | Gained mutation: You are missing an eye, making it more difficult to aim. [Ru sacrifice]
  5441 | D:7      | Reached * piety under Ru
  5624 | D:7      | Found Guecwu's Assorted Antiques.
  5655 | D:7      | Identified the Collected Works on Creative Stones
  5701 | D:7      | Found Kynoquw's Weapon Shoppe.
  5995 | D:8      | Found a bloodstained altar of Trog.
  6175 | D:8      | Found Koxt's Gadget Shoppe.
  6382 | D:8      | Found an ancient bone altar of Kikubaaqudgha.
  6469 | D:8      | Found an opulent altar of Gozag.
  6599 | D:8      | Noticed a two-headed ogre
  6669 | D:8      | Killed a two-headed ogre
  6669 | D:8      | Reached skill level 7 in Throwing
  6679 | D:8      | Reached XP level 10. HP: 30/71 MP: 15/15
  6793 | D:7      | Bought a runed quick blade for 468 gold pieces
  6823 | D:8      | Found a sparkling altar of Nemelex Xobeh.
  7029 | D:8      | Learned a level 3 spell: Summon Guardian Golem
  7595 | D:9      | Found a staircase to the Lair.
  7601 | D:9      | Reached skill level 8 in Throwing
  7680 | D:9      | Reached skill level 1 in Evocations
  7684 | D:9      | HP: 2/73 [porcupine's spines (13)]
  7718 | D:9      | Killed from afar by a shadow imp

Skill      XL: |  1  2  3  4  5  6  7  8  9 10 |
---------------+-------------------------------+-----
Stealth        | 5 0 |  0.0
Throwing       | 3 4 5 7 8 |  8.2
Armour         | 1 2 3 4 |  4.3
Short Blades   | 3 4 5 6 7 |  7.3
Fighting       | 3 4 |  4.4
Dodging        | 2 3 4 |  4.0
Spellcasting   | 1 2 3 4 |  4.2
Hexes          | 1 3 4 |  4.2
Evocations     | 1 |  1.0

Action                   |  1- 3 |  4- 6 |  7- 9 | 10-12 || total
-------------------------+-------+-------+-------+-------++-------
Melee: Dagger            |    74 |   136 |   144 |       ||   354
       Rapier            |       |       |   163 |       ||   163
       Quick blade       |       |       |       |   173 ||   173
 Fire: Blowgun           |    16 |    44 |    76 |       ||   136
Throw: Tomahawk          |       |     9 |    68 |    30 ||   107
       Javelin           |       |       |       |    18 ||    18
 Cast: Corona            |       |       |    50 |    14 ||    64
       Ensorcelled Hiber |       |       |     1 |     6 ||     7
Invok: Sacrifice Stealth |       |       |     1 |       ||     1
       Sacrifice an Eye  |       |       |     1 |       ||     1
Evoke: Wand              |       |     2 |     3 |     3 ||     8
  Use: Scroll            |       |     5 |     5 |       ||    10
       Potion            |       |       |     5 |     1 ||     6
 Stab: Sleeping          |     7 |     2 |     1 |     2 ||    12
       Paralysed         |       |       |     1 |       ||     1
       Distracted        |       |       |     1 |     1 ||     2
  Eat: Royal jelly       |     1 |       |     2 |     1 ||     4
       Meat ration       |     1 |       |     2 |       ||     3
       Fruit             |       |       |     6 |       ||     6
Armor: Robe              |    10 |       |       |       ||    10
       Leather armour    |     7 |     6 |       |       ||    13
       Scale mail        |       |    25 |       |       ||    25
       Ring mail         |       |    12 |    79 |    28 ||   119
Dodge: Dodged            |    29 |    71 |   177 |    53 ||   330
